 Dungeon Crawl Stone Soup version 0.30.1-9-gdf580d7c3d (webtiles) character file.

Game seed: 2624598948263362032

35 monsoonserge the Ducker (level 3, -7/30 HPs)
             Began as a Merfolk Monk on Oct 25, 2023.
             Engulfed by a cloud of flame (21 damage)
             ... on level 1 of the Dungeon.
             The game lasted 00:02:02 (1001 turns).

monsoonserge the Ducker (Merfolk Monk)              Turns: 1001, Time: 00:02:02

Health: -7/30      AC:  4    Str: 11    XL:     3   Next: 35%
Magic:  3/3        EV: 14    Int:  9    God:
Gold:   39         SH:  0    Dex: 18    Spells: 2/2 levels left

rFire   . . .        a - +0 falchion
rCold   . . .        d - orb {light}
rNeg    . . .        l - +0 leather armour
rPois   .            (no helmet)
rElec   .            (no cloak)
rCorr   .            h - +0 pair of gloves
SInv    .            (no boots)
Will    .....        (no amulet)
Stlth   +            (no ring)
HPRegen 0.25/turn    (no ring)
MPRegen 0.08/turn

%: no passive effects
@: glowing
A: (nimble swimmer 2), mertail
a: no special abilities


You were on level 1 of the Dungeon.
You visited 1 branch of the dungeon, and saw 1 of its levels.

You collected 39 gold pieces.

Inventory:

Hand Weapons
 a - a +0 falchion (weapon)
 g - a +0 short sword
Armour
 d - an orb of light (worn)
 h - a +0 pair of gloves (worn)
 l - a +0 leather armour (worn)
Jewellery
 k - a ring of resist corrosion
Scrolls
 b - a scroll of teleportation {unknown}
 i - 2 scrolls of identify {unknown}
 m - a scroll of immolation {unknown}
 n - a scroll of enchant weapon {unknown}
Potions
 c - a potion of ambrosia
 e - 2 potions of might {unknown}
 f - a potion of cancellation {unknown}
 j - 3 potions of attraction {unknown}


   Skills:
 + Level 3.7 Fighting
 + Level 4.3 Long Blades
 + Level 4.6 Dodging


You had 2 spell levels left.
You didn't know any spells.
Your spell library was empty.

Dungeon Overview and Level Annotations

Branches:
Dungeon (1/15)

Altars:


Innate Abilities, Weirdness & Mutations

((You are very nimble when in or above water. (Stealth+, EV+, Speed+++)))
Your lower body shifts to a powerful aquatic tail in water.


Message History

You now have 33 gold pieces (gained 10).
A bat comes into view.
The bat barely misses you.
You hit the bat.
The bat is moderately wounded.
The bat misses you. The bat closely misses you. The bat misses you.
You closely miss the bat.
The bat is moderately wounded.
The bat barely misses you.
You hit the bat.
You kill the bat!
No target in view!
m - a scroll labelled GUATTI XEMYQYI
Found a scroll labelled MODA IDESIMPI.
j - 3 silvery potions (gained 1)
There are no items here.
n - a scroll labelled MODA IDESIMPI
There are no items here.
i - 2 scrolls labelled BESICKUQECE (gained 1)
You now have 39 gold pieces (gained 6).
Your legs become a tail as you enter the water.
Your legs become a tail as you enter the water.
A ball python comes into view.
The ball python hisses angrily.
The ball python barely misses you. The ball python misses you.
You completely miss the ball python. The ball python barely misses you.
The ball python grabs you. The ball python constricts you.
You hit the ball python.
You kill the ball python!
No target in view!
Your legs become a tail as you enter the water.
There is an open door here.
You're in a travel-excluded area, stopping explore.
You are engulfed in blazing flames.
Ouch! That really hurt!
You are engulfed in blazing flames.
Ouch! That really hurt!
You die...

## .# ##### .§# ....# °§#
....### .§§# ......#
######...### ....#.#
###..§☼.?.$..§ ....#.#
#....°@.[!$.§°
....#.#####.#.§§§.).(...
####........######...###
#.........# #.§§#
###.........# #.°.#
....>.......# #§§.#
............######...#
###.........#.#.##..######
# #.........#.#..........#


There were no monsters in sight!

Vanquished Creatures
  5 ball pythons (D:1)
  2 endoplasms (D:1)
  2 giant cockroaches (D:1)
  2 goblins (D:1)
  2 hobgoblins (D:1)
  7 jackals (D:1)
  3 kobolds (D:1)
  A quokka (D:1)
  2 bats (D:1)
  2 frilled lizards (D:1)
  2 rats (D:1)
30 creatures vanquished.

Notes
Turn   | Place    | Note
-------+----------+-------------------------------------------
     0 | D:1      | monsoonserge the Merfolk Monk began the quest for the Orb.
     0 | D:1      | Reached XP level 1. HP: 18/18 MP: 1/1
    47 | D:1      | Reached XP level 2. HP: 16/24 MP: 2/2
   148 | D:1      | Found a faded altar of an unknown god.
   330 | D:1      | Reached XP level 3. HP: 28/30 MP: 3/3
  1001 | D:1      | Engulfed by a cloud of flame

Illustrated notes

Levels and vault maps discovered:
D:1:      heliophobic_arrival_glass_houses, layout_basic,
          dreamdust_ecumenical_altar_grove, minmay_strange_pillars,
          minmay_parallelograms, lemuel_flame_loot_1

Skill      XL: |  1  2 |
---------------+-------+-----
Long Blades    | 4 |  4.3
Fighting       | |  3.7
Dodging        | |  4.6

Action                     || total
---------------------------++-------
  Melee: Falchion          ||    72
         Tailslap          ||     3
 Armour: Robe              ||    10
         Leather armour    ||     4
  Dodge: Dodged            ||    75
